 Dungeon Crawl Stone Soup version 0.30-a0-3-gc9032a9cac (webtiles) character file.

Game seed: 13782221222513028753

190 Jardren the Vexing (level 5, -2/24 HPs)
             Began as a Spriggan Enchanter on Aug 20, 2022.
             Slain by an orc
             ... wielding a +0 flail
              (4 damage)
             ... on level 3 of the Dungeon.
             The game lasted 00:06:12 (4199 turns).

Jardren the Vexing (Spriggan Enchanter)             Turns: 4199, Time: 00:06:12

Health: -2/24      AC:  3    Str:  6    XL:     5   Next: 41%
Magic:  9/13       EV: 17    Int: 17    God:
Gold:   129        SH:  0    Dex: 15    Spells: 6/14 levels left

rFire   . . .      SeeInvis +    a - +1 dagger
rCold   . . .      Faith    .    (no shield)
rNeg    . . .      Spirit   .    b - +1 robe
rPois   .          Reflect  .    (helmet restricted)
rElec   .          Harm     .    (no cloak)
rCorr   .          Rampage  .    (gloves unavailable)
Will    .....                    (boots unavailable)
Stlth   +++.......               (no amulet)
HPRegen 0.08/turn                (no ring)
MPRegen 0.13/turn                (no ring)

@: very quick
A: very small, no large weapons, unfitting armour, see invisible, speed 3
a: no special abilities


You were on level 3 of the Dungeon.
You visited 1 branch of the dungeon, and saw 3 of its levels.

You collected 129 gold pieces.

Inventory:

Hand Weapons
 a - a +1 dagger (weapon)
Missiles
 d - 5 poisoned darts (quivered)
 i - a throwing net
Armour
 b - a +1 robe (worn)
Jewellery
 e - a ring of fire
Potions
 c - 3 potions of invisibility
 j - a potion of flight {unknown}
 k - a potion of mutation {unknown}


   Skills:
 - Level 1.1 Short Blades
 - Level 2.6 Dodging
 + Level 4.8 Stealth
 + Level 5.2 Spellcasting
 + Level 5.7 Hexes


You had 6 spell levels left.
You knew the following spells:

 Your Spells              Type           Power      Damage    Failure   Level
a - Ensorcelled Hibernat  Hex/Ice        28%        N/A       6%          2
b - Tukima's Dance        Hex            23%        N/A       4%          3
d - Confusing Touch       Hex            23%        N/A       4%          3

Your spell library contained the following spells:

 Spells                   Type           Power      Damage    Failure   Level
 Dazzling Flash           Conj/Hex       28%        N/A       13%         3


Dungeon Overview and Level Annotations

Branches:
Dungeon (3/15)

Altars:
Ashenzari
Elyvilon
Okawaru
Vehumet

Shops:
D:2 (


Innate Abilities, Weirdness & Mutations

You are very small and have problems with some larger weapons.
You are too small for most types of armour.
You have supernaturally acute eyesight. (SInv)
You cover ground extremely quickly. (Speed+++)


Message History

Unknown command.
The orc completely misses you.
The orc looks more healthy.
Throw: 8 darts (poison)
Press: ? - help, Q - select action, (/) - cycle Shift-Dir - straight line, f/p - orc
Aim: an orc, wielding a +0 flail (severely wounded, 57% to hit)
You throw a poisoned dart.
The poisoned dart barely misses the orc.
Unknown command.
Throw: 7 darts (poison)
Press: ? - help, Q - select action, (/) - cycle Shift-Dir - straight line, f/p - orc
Aim: an orc, wielding a +0 flail (severely wounded, 57% to hit)
You throw a poisoned dart.
The poisoned dart barely misses the orc.
Unknown command.
Throw: 6 darts (poison)
Press: ? - help, Q - select action, (/) - cycle Shift-Dir - straight line, f/p - orc
Aim: an orc, wielding a +0 flail (severely wounded, 57% to hit)
You throw a poisoned dart. The poisoned dart hits the orc.
The orc is severely wounded.
Casting: Ensorcelled Hibernation (safe; 6% risk of failure)
Confirm with . or Enter, or press ? or * to list all spells.
Aiming: Ensorcelled Hibernation (safe; 6% risk of failure)
Press: ? - help, Shift-Dir - straight line, f/p - orc
Aim: an orc, wielding a +0 flail (severely wounded, chance to affect: 65%)
The orc looks drowsy...
The orc completely misses you.
You closely miss the orc.
The orc is severely wounded.
The orc closely misses you.
You barely miss the orc.
The orc is severely wounded.
You hit the orc.
The orc is almost dead.
The orc hits you with a +0 flail!
* * * LOW HITPOINT WARNING * * *
You closely miss the orc.
The orc is almost dead.
The orc hits you with a +0 flail.
You die...

. .....# .....####
....#.##.#....# ....#......#.##
....#.## ..#.# ###...###....#
#.....'.#.#### #####....#.#.#..
#......#.#.#.#.#
###.#....#.#@..#.#
#...........o#.#.#
#.#...##.#.....#.###
#.....)..#.....(...##
######..####.(..#.....#
..........##....#.....#########
..........##....#..(...........
..........##....#..............
..........##....#..(...........


You could see an orc.

Vanquished Creatures
  A phantom (D:3)
  2 adders
  A worm (D:2)
  4 dart slugs
  6 orcs (D:3)
  6 ball pythons
  6 endoplasms
  2 giant cockroaches
  7 hobgoblins
  10 jackals (D:1)
  4 kobolds
  3 quokkas
  5 bats
  6 frilled lizards
  7 goblins
  3 rats
73 creatures vanquished.

Vanquished Creatures (collateral kills)
  A kobold (D:2)
1 creature vanquished.

Grand Total: 74 creatures vanquished

Notes
Turn   | Place    | Note
-------+----------+-------------------------------------------
     0 | D:1      | Jardren the Spriggan Enchanter began the quest for the Orb.
     0 | D:1      | Reached XP level 1. HP: 9/9 MP: 5/5
   426 | D:1      | Reached XP level 2. HP: 13/13 MP: 7/7
   432 | D:1      | Learned a level 2 spell: Ensorcelled Hibernation
   993 | D:1      | Reached XP level 3. HP: 16/16 MP: 9/9
   997 | D:1      | Learned a level 3 spell: Tukima's Dance
  1001 | D:1      | Learned a level 3 spell: Confusing Touch
  1815 | D:2      | Found Gedav's Weapon Shoppe.
  2026 | D:2      | Reached XP level 4. HP: 5/21 MP: 1/11
  2028 | D:2      | You fall into a shaft and drop 1 floor!
  2259 | D:3      | Found a white marble altar of Elyvilon.
  2292 | D:3      | Noticed a phantom
  2319 | D:3      | Killed a phantom
  2320 | D:3      | Reached skill level 5 in Hexes
  2320 | D:3      | Reached XP level 5. HP: 15/24 MP: 11/13
  2617 | D:3      | Found an iron altar of Okawaru.
  3029 | D:2      | Reached skill level 5 in Spellcasting
  3457 | D:3      | Found a radiant altar of Vehumet.
  3845 | D:3      | Found a broken altar of Ashenzari.
  4198 | D:3      | HP: 1/24 [orc/+0 flail (8)]
  4199 | D:3      | Slain by an orc

Illustrated notes

Levels and vault maps discovered:
D:1:      wander_arrival_estate, layout_basic
D:2:      layout_basic, serial_shops, nicolae_shop_bloodbath_and_beyond
D:3:      layout_basic, elyvilon_altar_1, okawaru_gym_becter,
          nicolae_ashenzari_skybound, lemuel_crystal_altar, serial_curves,
          eino_curves_03, eino_curves_02

Skill      XL: |  1  2  3  4  5 |
---------------+----------------+-----
Spellcasting   | 3 4 5 |  5.2
Hexes          | 4 5 |  5.7
Short Blades   | |  1.1
Dodging        | |  2.6
Stealth        | |  4.8

Action                   |  1- 3 |  4- 6 || total
-------------------------+-------+-------++-------
Melee: Dagger            |   156 |   104 ||   260
       Punch             |       |     1 ||     1
Throw: Dart              |     3 |    10 ||    13
 Cast: Ensorcelled Hiber |     9 |    14 ||    23
       Confusing Touch   |       |     1 ||     1
       Tukima's Dance    |       |     2 ||     2
  Use: Scroll            |     1 |     3 ||     4
       Potion            |       |     3 ||     3
 Stab: Sleeping          |    13 |    11 ||    24
       Confused          |       |     1 ||     1
Armor: Robe              |    20 |     7 ||    27
Dodge: Dodged            |   125 |    57 ||   182

Table legend: (Time is in decaauts)
 A = Elapsed time spent in this place.
 B = Non-inter-level travel time spent in this place.
 C = Inter-level travel time spent in this place.
 D = Time resting spent in this place.
 E = Time spent auto-exploring this place.
 F = Levels seen in this place.
 G = Mean time per level.
                   A        B        C        D        E       F      G
               +--------+--------+--------+--------+--------+-----+--------+
         Total |   3405 |   3358 |     47 |     29 |   2729 |   3 | 1135.0 |
       Dungeon |   3405 |   3358 |     47 |     29 |   2729 |   3 | 1135.0 |
               +--------+--------+--------+--------+--------+-----+--------+

Top non-repeatable levels by time:
     D:1: 1464 daAuts
     D:3: 1201 daAuts
     D:2: 739 daAuts
